 Dungeon Crawl Stone Soup version 0.14.0-9-g9c5475a (webtiles) character file.

272 MDvedh the Slasher (level 4, -10/39 HPs)
             Began as a Minotaur Wanderer on Apr 14, 2014.
             Mangled by an ogre
             ... wielding a +0,+0 giant club
              (12 damage)
             ... on Level 4 of the Dungeon.
             The game lasted 00:02:52 (2043 turns).

MDvedh the Slasher (Minotaur Wanderer)              Turns: 2043, Time: 00:02:53

HP -10/39        AC 11     Str 18      XL: 4   Next: 47%
MP   3/3         EV  6     Int  8      God:
Gold 172         SH  6     Dex 10      Spells:  0 memorised,  3 levels left

rFire  . . .     SeeInvis .     c - +0,+1 falchion
rCold  . . .     Clarity  .     h - +0 chain mail
rNeg   . . .     Conserve .     p - +0 buckler (curse)
rPois  .         rCorr    .     (helmet restricted)
rElec  .         rRot     .     s - +0 cloak
SustAb . .       Spirit   .     (no gloves)
rMut   .         Warding  .     y - +0 pair of boots
Saprov . . .     Stasis   .     (no amulet)
MR     .....                    (no ring)
                                (no ring)

@: hasted, very quick, not resistant to hostile enchantments, extremely
unstealthy
A: retaliatory headbutt, horns 2
a: no special abilities


You were on level 4 of the Dungeon.
You were hungry.

You visited 1 branch of the dungeon, and saw 4 of its levels.

You collected 172 gold pieces.

Inventory:

Hand weapons
 b - a +0,+0 quarterstaff
 c - a +0,+1 falchion (weapon)
Armour
 h - a +0 chain mail (worn)
 p - a cursed +0 buckler (worn)
 s - a +0 cloak (worn)
 y - a +0 pair of boots (worn)
Magical devices
 o - a wand of digging (8) {unknown}
Comestibles
 a - a choko
 d - 2 bread rations
 q - a sausage
 w - a pear
 x - an apple
Scrolls
 e - a scroll of enchant weapon II
 f - a scroll of fear {unknown}
 g - 3 scrolls of noise {unknown}
 k - a scroll of magic mapping {unknown}
 l - 2 scrolls of identify {unknown}
 m - a scroll of immolation {unknown}
 n - 2 scrolls of teleportation {unknown}
 v - a scroll of random uselessness {unknown}
Potions
 i - a potion of haste
 j - a potion of confusion {unknown}
 r - a potion of curing {unknown}
 t - a potion of poison {unknown}
 z - a potion of heal wounds {unknown}
Books
 u - a book of Transfigurations

   Spells                             Type                      Level
   Stoneskin                          Transmutation/Earth          2
   Ice Form                           Ice/Transmutation            4
   Statue Form                        Transmutation/Earth          6
   Dragon Form                        Transmutation                7


   Skills:
 - Level 3.6 Fighting
 + Level 5.3 Long Blades
 - Level 3.6 Armour
 - Level 1.0 Stealth
   Level 1.7 Invocations


You had 3 spell levels left.
You didn't know any spells.

Dungeon Overview and Level Annotations

Branches:
Dungeon (4/15)             Temple (0/1) D:4

Altars:
Elyvilon


Innate Abilities, Weirdness & Mutations

You reflexively headbutt those who attack you in melee.
You have a pair of horns on your head.


Message History

You hit the ogre. Your headbutt misses the ogre.
The ogre is moderately wounded.
You barely miss the ogre. You headbutt the ogre.
The ogre is moderately wounded.
The ogre hits you with a giant club!
You slash the ogre!
The ogre is heavily wounded.
The ogre hits you with a giant club!
* * * LOW HITPOINT WARNING * * *
You are too injured to fight recklessly!
You are too injured to fight recklessly!
You are too injured to fight recklessly!
Unknown command.
There is an open door here.
Drink which item? (? for menu, Esc to quit)
Okay, then.
Drink which item? (? for menu, Esc to quit)
You feel yourself speed up.
It was a potion of haste.
The ogre hits you with a giant club!
You die...

########## #######
.........########.....#
........%'.w..O@......#
#.........#######>.....#
#.........# #......#
#.........# ###......#
........?# #........#
.........# #........#
.........# #........#
........# #.....####
######## ###'###


You could see a worm and an ogre.

Vanquished Creatures
  An ogre skeleton (D:4)
  3 adders (D:2)
  An inept feature mimic (D:3)
  An adder skeleton (D:4)
  2 giant geckos (D:4)
  5 goblins
  4 hobgoblins
  8 kobolds
  A quokka (D:2)
  10 bats
  A giant cockroach (D:4)
  2 giant newts
  A hobgoblin skeleton (D:4)
  8 rats
48 creatures vanquished.

Notes
Turn   | Place    | Note
--------------------------------------------------------------
     0 | D:1      | MDvedh, the Minotaur Wanderer, began the quest for the Orb.
     0 | D:1      | Reached XP level 1. HP: 19/19 MP: 1/1
   150 | D:1      | Reached XP level 2. HP: 26/26 MP: 1/1
   593 | D:2      | Reached XP level 3. HP: 31/31 MP: 2/2
   633 | D:2      | Reached skill level 4 in Long Blades
  1268 | D:3      | Reached XP level 4. HP: 39/39 MP: 3/3
  1452 | D:3      | Found a white marble altar of Elyvilon.
  1819 | D:4      | Found a staircase to the Ecumenical Temple.
  1870 | D:4      | Reached skill level 5 in Long Blades
  2027 | D:4      | Noticed an ogre
  2034 | D:4      | HP: 1/39 [ogre/giant club (12)]
  2043 | D:4      | Mangled by an ogre

Action                   |  1- 3 |  4- 6 || total
-------------------------+-------+-------++-------
Melee: Falchion          |    82 |    32 ||   114
  Use: Scroll            |     1 |       ||     1
       Potion            |       |     1 ||     1
